cohdb
Replays
Latest Replays
All Replays
Popular Replays
Top Player Replays
Match Explorer
How It Works
Community
CoH3 Stats
Reddit
Sign in to upload your games and track your stats! →
Sign in with Steam
Match 41899792
Unlisted
Match 41899792
Overview
Messages
Build Orders
End
Royal Engineer Section
Construct Section Command Post
Selects Canadian Shock Battlegroup
Infantry Section
Infantry Section
Grenade Package
Construct Platoon Command Post
Selects Incendiary Munitions
Unlock Bishop Self-propelled Artillery
Construct Field Infirmary
Selects Attacking Spirit
Selects Canadian Shock Section
Infantry Section
Infantry Training
Bishop Self-propelled Artillery
6-pounder Anti-tank Gun Team
Construct Company Command Post
Unlock M3 Grant Medium Tanks
Selects Pyrotechnics
M3 Grant Medium Tank
M3 Grant Medium Tank
Deff Kapp'n
Prince Ali Ababwa
Gilv
CasaDeFrance
미움 증오
BOP
Voodoo408
Madbirmy
0
0
Comments
sign in to comment!
No comments posted yet!